 Dungeon Crawl Stone Soup version 0.28.0 (webtiles) character file.

Game seed: 12154528896982477008

13 Dani the Sneak (level 2, -7/26 HPs)
             Began as a Ghoul Delver on Feb 6, 2022.
             Mangled by an iguana (10 damage)
             ... on level 4 of the Dungeon.
             The game lasted 00:01:49 (433 turns).

Dani the Sneak (Ghoul Delver)                        Turns: 433, Time: 00:01:49

Health: -7/26      AC:  3    Str: 15    XL:     2   Next: 37%
Magic:  1/1        EV: 11    Int:  5    God:
Gold:   15         SH:  0    Dex: 10    Spells: 1/1 levels left

rFire   . . .      SeeInvis .     - Unarmed
rCold   + . .      Faith    .   (no shield)
rNeg    + + +      Spirit   .   a - +0 leather armour
rPois   ∞          Reflect  .   (no helmet)
rElec   .          Harm     .   (no cloak)
rCorr   .          Rampage  .   (no gloves)
Will    .....                   (no boots)
Stlth   +++.......              (no amulet)
HPRegen 0.00/turn               (no ring)
MPRegen 0.07/turn               (no ring)

@: inhibited regen
A: claws 1, cold resistance 1, negative energy resistance 3, inhibited
regeneration, torment resistance 2
a: no special abilities


You were on level 4 of the Dungeon.
You visited 1 branch of the dungeon, and saw 2 of its levels.

You collected 15 gold pieces.

Inventory:

Missiles
 e - 5 poisoned darts (quivered)
 f - 17 arrows
Armour
 a - a +0 leather armour (worn)
Wands
 D - a wand of digging (3)
Scrolls
 b - a scroll of fog
 c - a scroll of identify {unknown}
 M - a scroll of magic mapping
Potions
 H - a potion of haste


   Skills:
 - Level 3.2 Fighting
 - Level 1.7 Dodging
 - Level 5.4 Stealth
 * Level 3.3 Unarmed Combat


You had one spell level left.
You didn't know any spells.
Your spell library was empty.

Dungeon Overview and Level Annotations

Branches:
Dungeon (5/15)             Temple (0/1) D:4

Altars:


Innate Abilities, Weirdness & Mutations

You thrive by killing the living.
You are immune to poison.
You have sharp fingernails.
Your flesh is cold resistant. (rC+)
You are immune to negative energy. (rN+++)
You do not regenerate when monsters are visible.
You are immune to unholy pain and torment.


Message History

The gnoll barely misses you. x2
You scratch the gnoll.
The gnoll is almost dead.
The gnoll hits you with a +0 spear.
* * * LOW HITPOINT WARNING * * *
The gnoll misses you.
Okay, then.
As you read the scroll of fear, it crumbles to dust.
You assume a fearsome visage.
The gnoll looks frightened! x2
Okay, then.
The teleport trap disappears.
The gnoll disappears!
You start resting.
HP restored.
There is a stone staircase leading up here.
You climb upwards.
A gnoll comes into view. It is wielding a +0 whip.
There is a stone staircase leading down here.
An ogre comes into view. It is wielding a +0 giant club.
Found a leather armour.
The gnoll hits you from afar with a +0 spear.
The gnoll shouts!
You hear a shout!
The gnoll closely misses you.
You hear a shout!
There is a stone staircase leading down here.
The gnoll misses you.
You climb downwards.
There is a stone staircase leading up here.
You scratch the gnoll.
The gnoll is lightly wounded.
The gnoll barely misses you.
You scratch the gnoll.
The gnoll is heavily wounded.
The gnoll hits you but does no damage.
You scratch the gnoll but do no damage.
The gnoll is heavily wounded.
The gnoll closely misses you.
You scratch the gnoll.
The gnoll is severely wounded.
The gnoll hits you but does no damage.
You scratch the gnoll.
You kill the gnoll!
Your Unarmed Combat skill increases to level 3!
You have reached level 2!
There is a stone staircase leading up here.
You start resting.
HP restored.
You climb upwards.
There is a stone staircase leading down here.
The iguana hisses angrily.
The iguana closely misses you.
You completely miss the iguana. The iguana barely misses you.
An endoplasm comes into view.
You scratch the iguana.
The iguana is lightly wounded.
The iguana bites you.
You barely miss the iguana.
The iguana is lightly wounded.
The iguana barely misses you.
You scratch the endoplasm.
The endoplasm is heavily wounded.
The iguana barely misses you. The endoplasm closely misses you.
You scratch the endoplasm.
You kill the endoplasm!
You feel better. The iguana misses you.
You scratch the iguana.
The iguana is moderately wounded.
The iguana barely misses you.
You barely miss the iguana.
The iguana is moderately wounded.
The iguana closely misses you.
You closely miss the iguana.
The iguana is moderately wounded.
The iguana bites you!
Ouch! That really hurt!
* * * LOW HITPOINT WARNING * * *
You barely miss the iguana.
The iguana is moderately wounded.
The iguana closely misses you.
You scratch the iguana.
The iguana is heavily wounded.
The iguana closely misses you.
You barely miss the iguana.
The iguana is heavily wounded.
The iguana barely misses you.
You scratch the iguana.
The iguana is severely wounded.
The iguana barely misses you.
You closely miss the iguana.
The iguana is severely wounded.
The iguana closely misses you.
You closely miss the iguana.
The iguana is severely wounded.
The iguana bites you.
* * * LOW HITPOINT WARNING * * *
You scratch the iguana.
The iguana is almost dead.
You barely miss the iguana.
The iguana is almost dead.
The iguana bites you!
You die...

........$#
.........#......
..#888#..#......
..8...8(.#......
..8.>.8..##....#
..8...8..##....######
.#8.8#...#.........#
#....l....##
#..(@......#
#...>##...## #....#
.# ######


You could see an iguana.

Vanquished Creatures
  A gnoll (D:5)
  An endoplasm (D:4)
  A kobold (D:4)
3 creatures vanquished.

Notes
Turn   | Place    | Note
-------+----------+-------------------------------------------
     0 | D:5      | Dani the Ghoul Delver began the quest for the Orb.
     0 | D:5      | Reached XP level 1. HP: 19/19 MP: 0/0
    61 | D:4      | Noticed an iguana
    67 | D:4      | Found a staircase to the Ecumenical Temple.
    79 | D:5      | HP: 2/19 [gnoll (3)]
   357 | D:4      | Noticed an ogre
   367 | D:5      | Reached skill level 3 in Unarmed Combat
   367 | D:5      | Reached XP level 2. HP: 22/26 MP: 1/1
   431 | D:4      | HP: 3/26 [iguana (6)]
   433 | D:4      | Mangled by an iguana

Illustrated notes

Levels and vault maps discovered:
D:4:      layout_gridville, amcnicky_altar_gilded, minmay_temple_entry_statues
D:5:      layout_loops_corners, uniq_pikel, uniq_edmund

Skill      XL: |  1 |
---------------+----+-----
Unarmed Combat | 3 |  3.3
Fighting       | |  3.2
Dodging        | |  1.7
Stealth        | |  5.4

Action                   || total
-------------------------++-------
Melee: Unarmed           ||    27
  Use: Scroll            ||     1
 Stab: Sleeping          ||     1
Armor: Leather armour    ||     2
Dodge: Dodged            ||    25

Table legend: (Time is in decaauts)
 A = Elapsed time spent in this place.
 B = Non-inter-level travel time spent in this place.
 C = Inter-level travel time spent in this place.
 D = Time resting spent in this place.
 E = Time spent auto-exploring this place.
 F = Levels seen in this place.
 G = Mean time per level.
                   A        B        C        D        E       F      G
               +--------+--------+--------+--------+--------+-----+--------+
         Total |    434 |    433 |      1 |    308 |      0 |   2 |  217.0 |
       Dungeon |    434 |    433 |      1 |    308 |      0 |   2 |  217.0 |
               +--------+--------+--------+--------+--------+-----+--------+

Top non-repeatable levels by time:
     D:5: 400 daAuts
     D:4: 34 daAuts

Table legend:
 A = Kills in this place as a percentage of kills in entire the game.
 B = Kills by you in this place as a percentage of kills by you in the entire game.
 C = Kills by friends in this place as a percentage of kills by friends in the entire game.
 D = Other kills in this place as a percentage of other kills in the entire game.
 E = Experience gained in this place as a percentage of experience gained in the entire game.
 F = Experience gained in this place divided by the number of levels of this place that you have seen.
                   A       B       C       D       E      F
               +-------+-------+-------+-------+-------+----------------------
         Total | 100.0 | 100.0 |   N/A |   N/A | 100.0 |   9.5
       Dungeon | 100.0 | 100.0 |   N/A |   N/A | 100.0 |   9.5
               +-------+-------+-------+-------+-------+----------------------
